 Dungeon Crawl Stone Soup version 0.20.1-1-g8b1a95d (console) character file.

28 hilaritas the Digger (level 3, -4/19 HPs)
             Began as a Deep Elf Earth Elementalist on Sept 10, 2017.
             Slain by an ice beast (7 damage)
             ... on level 1 of the Dungeon.
             The game lasted 00:02:16 (995 turns).

hilaritas the Digger (Deep Elf Earth Elementalist)   Turns: 995, Time: 00:02:17

Health: -4/19      AC:  2    Str:  6    XL:     3   Next: 0%
Magic:  5/9        EV: 18    Int: 19    God:
Gold:   0          SH:  0    Dex: 20    Spells: 7/8 levels left

rFire    . . .     SeeInvis .   h - +0 dagger
rCold    . . .     Gourm    .   (no shield)
rNeg     . . .     Faith    .   c - +0 robe
rPois    .         Spirit   .   (no helmet)
rElec    .         Reflect  .   (no cloak)
rCorr    .         Harm     .   (no gloves)
MR       .....                  (no boots)
Stlth    +++.......             (no amulet)
Regen    0.1/turn               (no ring)
MPRegen  0.2/turn               (no ring)

@: agile
A: no striking features
a: no special abilities


You were on level 1 of the Dungeon.
You were not hungry.

You visited 1 branch of the dungeon, and saw 1 of its levels.

Inventory:

Hand Weapons
 h - a +0 dagger (weapon)
Missiles
 b - 30 stones (quivered)
Armour
 c - a +0 robe (worn)
Scrolls
 i - 2 scrolls of magic mapping {unknown}
 j - a scroll of remove curse {unknown}
 k - a scroll of teleportation {unknown}
Potions
 g - a potion of haste {unknown}
Books
 e - a book of Geomancy

   Spells                             Type                      Level
   a - Sandblast                      Earth                        1
   b - Passwall                       Transmutation/Earth          2
   c - Stone Arrow                    Conjuration/Earth            3
   d - Petrify                        Transmutation/Earth          4
   e - Lee's Rapid Deconstruction     Earth                        5
Comestibles
 d - 2 bread rations
 f - 3 chunks of flesh


   Skills:
 - Level 2.4 Dodging
 - Level 2.4 Stealth
 - Level 3.0 Spellcasting
   Level 1.1 Transmutations
 + Level 4.6 Earth Magic


You had 7 spell levels left.
You knew the following spells:

 Your Spells              Type           Power        Failure   Level  Hunger
a - Sandblast             Erth           ###...       2%          1    None


Dungeon Overview and Level Annotations

Branches:
Dungeon (1/15)

Altars:


Message History

The ice beast is heavily wounded.
b - 31 stones
Casting: Sandblast
Confirm with . or Enter, or press ? or * to list all spells.
Aiming: Sandblast
Press: ? - help, Shift-Dir - straight line, f/p - ice beast
Aim: an ice beast (heavily wounded)
The blast of sand hits the ice beast.
The ice beast is almost dead.
b - 30 stones The ice beast hits you.
The ice beast freezes you!
Ouch! That really hurt!
* * * LOW HITPOINT WARNING * * *
Unknown command.
It was a potion of agility.
You feel agile all of a sudden. The ice beast hits you.
* * * LOW HITPOINT WARNING * * *
The ice beast freezes you!
You die...

........# #.# #####.#.##
##.####.######## #.###.....#.#
##.............## #...#.#####.#
.........####...## ###.#.# #)#
##.####..###.....## #.#.# #.#
...# ##...........# #.#.# #.##
...# #...###......# #.#.# #...
...###.#..........# #.#.#####...
.......#.###......# #..........#
...###.#.# #......# ###.#####..#
...# #.#.# ###.#@.######.# #..#
...# #.#.#####...Y.......### #..#
##.###.#.#................>###..#
##..............#...>............
...................#######.###...
######.###.####.#..# #.# #... #.#
#.# #.##.#######รท# #... #.# #.#
#.##.......#.###... ######.# #.#
#.##.#####....##... .....#.###.#
#.##.# #..#...... ####.#.....#
#.##.# ##...##.#.


You could see an ice beast.

Vanquished Creatures
  3 leopard geckos (D:1)
  A giant cockroach (D:1)
  5 goblins (D:1)
  2 hobgoblins (D:1)
  2 kobolds (D:1)
  A quokka (D:1)
  A ball python (D:1)
  2 bats (D:1)
  3 frilled lizards (D:1)
  4 rats (D:1)
24 creatures vanquished.

Notes
Turn   | Place    | Note
-------+----------+-------------------------------------------
     0 | D:1      | hilaritas the Deep Elf Earth Elementalist began the quest for the Orb.
     0 | D:1      | Reached XP level 1. HP: 10/10 MP: 6/6
   279 | D:1      | Reached XP level 2. HP: 15/15 MP: 5/8
   309 | D:1      | Reached skill level 4 in Earth Magic
   922 | D:1      | Reached XP level 3. HP: 19/19 MP: 7/9
   989 | D:1      | Noticed an ice beast
   995 | D:1      | Slain by an ice beast

Skill      XL: |  1  2 |
---------------+-------+-----
Earth Magic    | 4 |  4.6
Dodging        | |  2.4
Stealth        | |  2.4
Spellcasting   | |  3.0
Transmutations | |  1.1

Action                   || total
-------------------------++-------
 Cast: Sandblast         ||    35
  Use: Potion            ||     1
Armor: Robe              ||     4
Dodge: Dodged            ||    16
